 Dungeon Sprint DCSS version 0.26-a0-652-gafc20e3620 (webtiles) character file.

Game seed: 8108449824218770141

14210 sahdkjhfkaj the Earth Mage (level 12, -3/80 HPs)
             Began as a Gargoyle Earth Elementalist on Oct 3, 2020.
             Was the Champion of Vehumet.
             Killed from afar by a fire giant (24 damage)
             ... with a bolt of fire
             ... in the Dungeon (Sprint I: "Red Sonja").
             The game lasted 00:12:21 (5325 turns).

sahdkjhfkaj the Earth Mage (GrEE)                   Turns: 5325, Time: 00:12:22

Health: -3/80      AC: 12    Str: 13    XL:     12   Next: 14%
Magic:  1/31       EV: 12    Int: 20    God:    Vehumet [******]
Gold:   831        SH:  0    Dex: 10    Spells: 25/41 levels left

rFire    + . .     SeeInvis .   f - +0 short sword (venom)
rCold    . . .     Faith    .   (no shield)
rNeg     + . .     Spirit   .   c - +0 robe
rPois    ∞         Reflect  .   o - +1 helmet of Gaigiug {rElec rF+ MR++}
rElec    +         Harm     .   (no cloak)
rCorr    .         Rampage  .   (no gloves)
MR       ++...     NoTele   +   (no boots)
Stlth    ++........             (no amulet)
HPRegen  0.23/turn              (no ring)
MPRegen  0.22/turn              (no ring)

@: no status effects
A: negative energy resistance 1, electricity resistance, unbreathing,
petrification resistance, rot immunity, AC +8
a: Renounce Religion


You were in the Dungeon.
You worshipped Vehumet.
Vehumet was exalted by your worship.
You visited 1 branch You collected 1771 gold pieces.
You spent 940 gold pieces at shops.

Inventory:

Hand Weapons
 f - a +0 short sword of venom (weapon)
Missiles
 b - 22 stones (quivered)
Armour
 c - a +0 robe (worn)
 o - the +1 helmet of Gaigiug (worn) {rElec rF+ MR++}
   (You bought it in a shop in the Dungeon)

   It protects you from fire.
   It insulates you from electricity.
   It affects your resistance to hostile enchantments.
Wands
 a - a wand of random effects (12)
 d - a wand of polymorph (9)
Scrolls
 g - a scroll of vulnerability {unknown}
 k - a scroll of amnesia {unknown}
 m - 2 scrolls of random uselessness {unknown}
 n - a scroll of remove curse {unknown}
Potions
 e - a potion of curing
 h - a potion of mutation {unknown}
 i - 2 potions of degeneration {unknown}
 j - a potion of might {unknown}


   Skills:
 + Level 11.7 Fighting
 - Level 1.5 Dodging
 - Level 2.1 Stealth
 + Level 15.3 Spellcasting
 + Level 10.0 Summonings
 + Level 10.0 Translocations
   Level 0.7 Transmutations
 + Level 19.0 Earth Magic


You had 25 spell levels left.
You knew the following spells:

 Your Spells              Type           Power        Failure   Level
a - Sandblast             Erth           ######       0%          1
b - Stone Arrow           Conj/Erth      ######       1%          3
c - Malign Gateway        Summ/Tloc      ######....   50%         7
e - Lee's Rapid Deconstr  Erth           ######....   1%          5

Your spell library contained the following spells:

 Spells                   Type           Power        Failure   Level
 Conjure Ball Lightning   Conj/Air       ###.......   80%         6
 Passwall                 Tmut/Erth      ######..     1%          2
 Gell's Gravitas          Tloc           ######....   1%          3
 Portal Projectile        Hex/Tloc       #####.       1%          3
 Teleport Other           Tloc           ######..     1%          3
 Iskenderun's Mystic Bla  Conj/Tloc      #####...     1%          4
 Petrify                  Tmut/Erth      ######..     1%          4
 Inner Flame              Hex/Fire       ###.....     3%          3
 Corona                   Hex            ###....      4%          1
 Ensorcelled Hibernation  Hex/Ice        ###...       6%          2
 Dispersal                Tloc           ######....   10%         6
 Disjunction              Tloc           ######....   99%         8


Dungeon Overview and Level Annotations

Branches:
Dungeon (1/1)

Altars:
Cheibriados
Dithmenos
Elyvilon
Fedhas
Gozag
Hepliaklqana
Kikubaaqudgha
Makhleb
Nemelex Xobeh
Okawaru
Qazlal
Ru
Sif Muna
Trog
Uskayaw
Vehumet
Wu Jian
Xom
Yredelemnul
Zin
The Shining One
Jiyva
Lugonu

Shops:
D [*[*?:(**!:}*}*[!


Innate Abilities, Weirdness & Mutations

You are resistant to torment.
Your stone body is resilient. (AC +8)
You are immune to poison.
You resist negative energy. (rN+)
You are resistant to electric shocks. (rElec)
You can survive without breathing.
You are immune to petrification.
You are immune to rotting.


Message History

Press: ? - help, Shift-Dir - straight line That beam is likely to hit you.
Continue anyway?
The mass of ice explodes!
The iceblast engulfs the fire giant!
The fire giant is almost dead.
The iceblast engulfs you but does no damage.
The fire giant hits you with a +2 great sword of flaming!!
The fire giant burns you.
Unknown command.
Evoke which item? (* to show all) (? for menu, Esc to quit)
Aiming: Iceblast
Press: ? - help, Shift-Dir - straight line That beam is likely to hit you.
Continue anyway?
The mass of ice explodes!
The iceblast engulfs the fire giant!
The fire giant is almost dead.
The iceblast engulfs you!
* * * LOW HITPOINT WARNING * * *
The now-empty wand crumbles to dust.
The fire giant points at you and mumbles some strange words.
The bolt of fire hits you!! You resist.
You die...

#######################
'.[.#..#§§§§'.§§§§§'..#
#...##§#§####§§§§§##..+
#..§'..#.# ##§§@######
#####..§.# ###C#.[.##
#§.##+#### #§##...#
§..# #..###.# #..#
##.#)#.# ##'###
#..###.# ##.'.#
#.##...# .###.#
#..#'### (∩##§# ##...#


You could see a fire giant.

Vanquished Creatures
  A daeva (D)
  A hydra (D)
  2 centaur warriors (D)
  Sonja (D)
  A deep troll (D)
  7 unseen horrors (D)
  A lindwurm (D)
  An oklob plant (D)
  2 kobold demonologists (D)
  4 demonic crawlers (D)
  A hornet (D)
  A slime creature (D)
  Sigmund (D)
  2 redbacks (D)
  13 hogs (D)
  A yak (D)
  3 floating eyes (D)
  7 necrophages (D)
  An ogre (D)
  8 jellies (D)
  Ijyb (D)
  2 ballistomycete spores (D)
62 creatures vanquished.

Vanquished Creatures (others)
  the Lernaean hydra (D)
  A gargoyle (D)
  3 hornets (D)
5 creatures vanquished.

Grand Total: 67 creatures vanquished

Notes
Turn   | Place    | Note
-------+----------+-------------------------------------------
     0 | D        | sahdkjhfkaj the Gargoyle Earth Elementalist began the quest
                  | for the Orb.
     0 | D        | Reached XP level 1. HP: 10/10 MP: 3/3
     1 | D        | Noticed Ijyb
    18 | D        | Killed Ijyb
    18 | D        | Reached skill level 7 in Earth Magic
    18 | D        | Reached XP level 2. HP: 15/15 MP: 0/5
    18 | D        | Reached XP level 3. HP: 19/19 MP: 0/6
    80 | D        | Learned a level 3 spell: Stone Arrow
    80 | D        | Noticed an ogre
    91 | D        | Killed an ogre
    91 | D        | Reached skill level 11 in Earth Magic
    91 | D        | Reached XP level 4. HP: 4/24 MP: 3/7
   357 | D        | Noticed Sigmund
   378 | D        | Killed Sigmund
   378 | D        | Reached skill level 12 in Earth Magic
   378 | D        | Reached XP level 5. HP: 9/28 MP: 0/14
   378 | D        | Reached XP level 6. HP: 10/32 MP: 0/15
   597 | D        | Learned a level 5 spell: Lee's Rapid Deconstruction
   717 | D        | Found an ornate altar of the Wu Jian Council.
   717 | D        | Found a shimmering blue altar of Sif Muna.
   755 | D        | Found a radiant altar of Vehumet.
   775 | D        | Became a worshipper of Vehumet
   777 | D        | Found Ulown's Assorted Antiques.
   777 | D        | Found an ancient bone altar of Kikubaaqudgha.
   777 | D        | Found a hazy altar of Hepliaklqana.
   777 | D        | Found a stormy altar of Qazlal.
   777 | D        | Found a hide-covered altar of Uskayaw.
   777 | D        | Found a blossoming altar of Fedhas.
   777 | D        | Found a bloodstained altar of Trog.
   777 | D        | Found an iron altar of Okawaru.
   777 | D        | Found a basalt altar of Yredelemnul.
   777 | D        | Found a glowing golden altar of the Shining One.
   777 | D        | Found a snail-covered altar of Cheibriados.
   777 | D        | Found a sacrificial altar of Ru.
   777 | D        | Found a glowing silver altar of Zin.
   777 | D        | Found a shadowy altar of Dithmenos.
   777 | D        | Found a white marble altar of Elyvilon.
   777 | D        | Noticed a yak
   779 | D        | Killed a yak
   779 | D        | Reached skill level 13 in Earth Magic
   882 | D        | Found an opulent altar of Gozag.
   883 | D        | Found a sparkling altar of Nemelex Xobeh.
   899 | D        | Noticed Sonja
   901 | D        | Killed Sonja
   901 | D        | Reached skill level 14 in Earth Magic
   901 | D        | Reached XP level 7. HP: 36/36 MP: 7/21
   901 | D        | Reached XP level 8. HP: 41/41 MP: 7/23
  1004 | D        | Found Mogut's Armour Boutique.
  1207 | D        | Noticed a deep troll
  1210 | D        | Killed a deep troll
  1210 | D        | Reached * piety under Vehumet
  1210 | D        | Offered knowledge of Freeze by Vehumet.
  1210 | D        | Reached skill level 15 in Earth Magic
  1356 | D        | Found Kiffom's Armour Emporium.
  1389 | D        | Killed a gargoyle
  1391 | D        | Bought a glistering book for 435 gold pieces
  1399 | D        | Learned a level 7 spell: Malign Gateway
  1410 | D        | Found a burning altar of Makhleb.
  1410 | D        | Found a viscous altar of Jiyva.
  1410 | D        | Found a shimmering altar of Xom.
  1410 | D        | Found a corrupted altar of Lugonu.
  1410 | D        | Noticed a slime creature
  1414 | D        | Killed a slime creature
  1414 | D        | Reached skill level 1 in Fighting
  1414 | D        | Reached skill level 1 in Summonings
  1414 | D        | Reached skill level 1 in Translocations
  1414 | D        | Reached XP level 9. HP: 48/48 MP: 9/25
  1575 | D        | Noticed a kobold demonologist
  1576 | D        | Noticed a kobold demonologist
  1577 | D        | Killed a kobold demonologist
  1577 | D        | Offered knowledge of Foxfire by Vehumet.
  1577 | D        | Reached ** piety under Vehumet
  1578 | D        | Noticed a hellwing
  1580 | D        | Noticed an orange demon
  1580 | D        | Killed a kobold demonologist
  1706 | D        | Noticed a centaur warrior
  1709 | D        | Noticed a centaur warrior
  1734 | D        | Killed a centaur warrior
  1734 | D        | Reached skill level 5 in Fighting
  1734 | D        | Reached skill level 16 in Earth Magic
  1735 | D        | Noticed a hornet
  1738 | D        | Killed a hornet
  1747 | D        | Killed a centaur warrior
  1747 | D        | Reached *** piety under Vehumet
  1747 | D        | Reached skill level 5 in Summonings
  1747 | D        | Reached skill level 5 in Translocations
  1747 | D        | Reached XP level 10. HP: 11/61 MP: 20/27
  2006 | D        | Noticed an oklob plant
  2025 | D        | Killed an oklob plant
  2025 | D        | Offered knowledge of Searing Ray by Vehumet.
  2164 | D        | Offered knowledge of Ignite Poison by Vehumet.
  2186 | D        | Reached **** piety under Vehumet
  2198 | D        | Reached skill level 17 in Earth Magic
  2200 | D        | Reached ***** piety under Vehumet
  2308 | D        | Offered knowledge of Iskenderun's Battlesphere by Vehumet.
  2538 | D        | Killed an unseen horror
  2538 | D        | Offered knowledge of Olgreb's Toxic Radiance by Vehumet.
  2651 | D        | Found Yvvao's Assorted Antiques.
  2652 | D        | Found Dicaed's Armour Shop.
  2652 | D        | Found Diarihenn's Magic Scroll Boutique.
  2653 | D        | Found Uzaosen's Gadget Boutique.
  2653 | D        | Found Cumisuri's Assorted Antiques.
  2654 | D        | Found Nurian's Distillery.
  2665 | D        | Killed an unseen horror
  2921 | D        | Found Noeptaes's Book Emporium.
  2921 | D        | Found Cuizymm's Weapon Shop.
  2921 | D        | Found Bujay's General Store.
  2921 | D        | Found Dainiczo's Assorted Antiques.
  2921 | D        | Found Foq Tiu's Distillery.
  2921 | D        | Found Kufen's Book Shop.
  2921 | D        | Found Daugies's Gadget Shoppe.
  2922 | D        | Found Itirph's General Store.
  2997 | D        | Reached XP level 11. HP: 41/69 MP: 9/29
  3316 | D        | Offered knowledge of Starburst by Vehumet.
  3316 | D        | Reached ****** piety under Vehumet
  3719 | D        | Noticed a lindwurm
  3722 | D        | Killed a lindwurm
  3816 | D        | Reached skill level 18 in Earth Magic
  3818 | D        | Offered knowledge of Ozocubu's Refrigeration by Vehumet.
  3818 | D        | Reached skill level 10 in Fighting
  4039 | D        | Noticed a 12-headed hydra
  4049 | D        | Killed a 12-headed hydra
  4316 | D        | Noticed a daeva
  4320 | D        | Noticed an unseen horror
  4322 | D        | Killed a daeva
  4322 | D        | Offered knowledge of Conjure Ball Lightning by Vehumet.
  4609 | D        | Killed the 27-headed Lernaean hydra
  4635 | D        | Killed an unseen horror
  4635 | D        | Reached skill level 15 in Spellcasting
  4720 | D        | Killed an unseen horror
  4888 | D        | Killed an unseen horror
  4888 | D        | Reached XP level 12. HP: 80/80 MP: 20/31
  5054 | D        | Reached skill level 10 in Summonings
  5054 | D        | Reached skill level 10 in Translocations
  5054 | D        | Reached skill level 19 in Earth Magic
  5249 | D        | Bought the +1 helmet of Gaigiug {rElec rF+ MR++} for 505
                  | gold pieces
  5301 | D        | Noticed a fire giant
  5325 | D        | Killed from afar by a fire giant

Illustrated notes

Levels and vault maps discovered:
D:        dungeon_sprint_1 [red_sonja_temple_1, red_sonja_temple_small_1]

Skill      XL: |  1  2  3  4  5  6  7  8  9 10 11 12 |
---------------+-------------------------------------+-----
Earth Magic    | 7 11 12 14 15 16 17 18 19 | 19.0
Spellcasting   | 6 11 12 13 14 15 | 15.3
Fighting       | 1 6 8 11 | 11.7
Summonings     | 1 5 7 9 10 | 10.0
Translocations | 1 5 7 9 10 | 10.0
Dodging        | |  1.5
Stealth        | |  2.1
Transmutations | |  0.7

Action                   |  1- 3 |  4- 6 |  7- 9 | 10-12 || total
-------------------------+-------+-------+-------+-------++-------
Melee: Unarmed           |    12 |       |       |       ||    12
       Short sword       |       |       |       |    17 ||    17
 Cast: Sandblast         |     3 |     3 |     2 |       ||     8
       Stone Arrow       |     2 |     3 |     7 |    26 ||    38
       Lee's Rapid Decon |       |     4 |    15 |    71 ||    90
Evoke: Wand              |       |       |       |     2 ||     2
  Use: Potion            |     3 |     1 |     5 |       ||     9
       Scroll            |       |       |       |     1 ||     1
Armor: Robe              |     6 |     1 |     5 |    69 ||    81
Dodge: Dodged            |     5 |     2 |     3 |    51 ||    61

Table legend: (Time is in decaauts)
 A = Elapsed time spent in this place.
 B = Non-inter-level travel time spent in this place.
 C = Inter-level travel time spent in this place.
 D = Time resting spent in this place.
 E = Time spent auto-exploring this place.
 F = Levels seen in this place.
 G = Mean time per level.
                   A        B        C        D        E       F      G
               +--------+--------+--------+--------+--------+-----+--------+
         Total |   5323 |   5217 |    106 |   4352 |      0 |   1 | 5323.0 |
       Dungeon |   5323 |   5217 |    106 |   4352 |      0 |   1 | 5323.0 |
               +--------+--------+--------+--------+--------+-----+--------+

Top non-repeatable levels by time:
       D: 5323 daAuts
